 Dungeon Crawl Stone Soup version 0.30-a0-121-gb27577e5d9 (webtiles) character file.

Game seed: 12902705855329050175

2242 IdlyInterested the Basher (level 9, -6/66 HPs)
             Began as a Demonspawn Fighter on Sept 14, 2022.
             Mangled by a wyvern (10 damage)
             ... on level 7 of the Dungeon.
             The game lasted 00:26:19 (9199 turns).

IdlyInterested the Basher (Demonspawn Fighter)      Turns: 9199, Time: 00:26:19

Health: -6/66      AC: 14    Str: 17    XL:     9   Next: 14%
Magic:  9/9        EV: 11    Int: 11    God:
Gold:   35         SH:  6    Dex: 27    Spells: 8/8 levels left

rFire   . . .      SeeInvis +    h - +1 flail (vorpal)
rCold   . . .      Faith    .    c - +0 buckler
rNeg    + . .      Spirit   .    u - +3 ring mail of Qazlal's Favour {SInv}
rPois   .          Reflect  .    k - +0 helmet
rElec   .          Harm     .    (no cloak)
rCorr   .          Rampage  .    x - +0 pair of gloves
Will    .....                    (no boots)
Stlth   +++.......               (no amulet)
HPRegen 0.21/turn                m - +6 ring of dexterity
MPRegen 0.11/turn                A - ring "Bihitsat" {rN+ Dex+6 Stlth+}

@: no status effects
A: yellow scales 2, demonic magic 2, demonic touch 1
a: no special abilities


You were on level 7 of the Dungeon.
You visited 2 branches of the dungeon, and saw 8 of its levels.

You collected 398 gold pieces.
You spent 363 gold pieces at shops.

Inventory:

Hand Weapons
 a - a +0 flail
 h - a +1 vorpal flail (weapon)
Missiles
 g - 5 javelins
 n - 10 poisoned darts (quivered)
Armour
 c - a +0 buckler (worn)
 k - a +0 helmet (worn)
 q - a +0 plate armour
 r - the +1 robe "Sefesit" {Rampage rF+ Will+ Str-3}
   (You found it on level 5 of the Dungeon)

   Str:       It affects your strength (-3).
   rF:        It protects you from fire.
   Rampage:   It bestows one free step when moving towards enemies.
   Will:      It increases your willpower.
 s - a +0 helmet
 u - the +3 ring mail of Qazlal's Favour (worn) {SInv}
   (You found it on level 5 of the Dungeon)

   SInv:      It lets you see invisible.
 x - a +0 pair of gloves (worn)
Jewellery
 m - a +6 ring of dexterity (left hand)
 A - a ring "Bihitsat" (right hand) {rN+ Dex+6 Stlth+}
   (You found it on level 6 of the Dungeon)

   [ring of dexterity]

   Dex:       It affects your dexterity (+6).
   rN:        It protects you from negative energy.
   Stlth:     It makes you more stealthy.
Wands
 v - a wand of paralysis (16)
Scrolls
 b - a scroll of blinking
 e - a scroll of magic mapping
 f - 4 scrolls of fog
 l - a scroll of immolation
 o - 3 scrolls of teleportation
 y - a scroll of enchant armour
 z - a scroll of poison
 B - a scroll of amnesia
Potions
 d - a potion of heal wounds
 i - 2 potions of curing
 j - 3 potions of flight
 p - a potion of mutation
 t - a potion of brilliance
 w - 2 potions of magic


   Skills:
 + Level 4.4 Fighting
 * Level 9.5 Maces & Flails
 - Level 2.0 Throwing
 - Level 4.0 Armour
 - Level 2.0 Dodging
 - Level 2.0 Stealth
 - Level 2.6 Shields
 - Level 2.0 Evocations


You had 8 spell levels left.
You didn't know any spells.
Your spell library contained the following spells:

 Spells                   Type           Power      Damage    Failure   Level
 Sandblast                Erth           0%         2d4       63%         1
 Summon Small Mammal      Summ           0%         N/A       63%         1
 Passwall                 Tmut/Erth      0%         N/A       77%         2
 Sublimation of Blood     Necr           0%         N/A       77%         2
 Call Canine Familiar     Summ           0%         N/A       94%         3
 Stone Arrow              Conj/Erth      0%         3d7       94%         3
 Summon Guardian Golem    Hex/Summ       0%         N/A       94%         3
 Cause Fear               Hex            0%         N/A       100%        4
 Petrify                  Tmut/Erth      0%         N/A       100%        4
 Irradiate                Conj/Tmut      0%         3d11      100%        5
 Dragon Form              Tmut           0%         N/A       100%        7
 Dragon's Call            Summ           0%         N/A       100%        9


Dungeon Overview and Level Annotations

Branches:
Dungeon (7/15)             Temple (1/1) D:4

Altars:
Ashenzari
Dithmenos
Hepliaklqana
Kikubaaqudgha
Makhleb
Nemelex Xobeh
Okawaru
Qazlal
Sif Muna
Trog
Vehumet
Xom

Shops:
D:1 *!   D:3 :*?


Innate Abilities, Weirdness & Mutations

You are mostly covered in yellow scales. (AC +3)
Spells you cast may paralyse nearby enemies.
Your touch may inflict minor irresistible damage on your foes.


Message History

The wyvern bites you but does no damage.
You closely miss the wyvern.
The wyvern is moderately wounded.
The wyvern bites you!
* * * LOW HITPOINT WARNING * * *
You closely miss the wyvern.
The wyvern is moderately wounded.
The wyvern barely misses you.
The wyvern bites you but does no damage.
You completely miss the wyvern.
The wyvern is moderately wounded.
The wyvern closely misses you.
You barely miss the wyvern.
The wyvern is moderately wounded.
The wyvern bites you!
* * * LOW HITPOINT WARNING * * *
You block the wyvern's attack.
You thump the wyvern!
The wyvern is severely wounded.
The wyvern barely misses you.
You hit the wyvern but do no damage.
The wyvern is severely wounded.
The wyvern bites you.
* * * LOW HITPOINT WARNING * * *
You closely miss the wyvern.
The wyvern is severely wounded.
The wyvern barely misses you.
The wyvern hisses menacingly.
The wyvern bites you but does no damage.
You hit the wyvern but do no damage.
The wyvern is severely wounded.
You block the wyvern's attack.
You barely miss the wyvern.
The wyvern is severely wounded.
You block the wyvern's attack.
The wyvern bites you but does no damage.
You completely miss the wyvern.
The wyvern is severely wounded.
The wyvern bites you!
You die...

##.# ## #... .
#..# #..# ## #..#
##. #..# .l.
########..# ...
#.....†...######.
..$
#.######.@l......
##. ....
#####+#### #
#.#.## #.#.# #
#.# #.# #.#


You could see a wyvern.

Vanquished Creatures
  The ghost of ytrimaz the Fighter, a novice DsBe of Trog (D:6)
  A steam dragon (D:7)
  Menkaure (D:6)
  A black bear (D:5)
  An ice beast (D:6)
  2 ogres
  A bullfrog (D:6)
  A necrophage (D:5)
  5 scorpions
  4 killer bees (D:7)
  4 quasits (D:6)
  3 orc priests
  An iguana (D:5)
  Terence (D:2)
  3 orc wizards
  Robin (D:2)
  3 gnolls (D:4)
  3 adders
  A shadow imp (D:6)
  3 worms
  5 dart slugs
  21 orcs
  15 endoplasms
  9 giant cockroaches
  16 goblins
  6 hobgoblins
  6 jackals
  6 kobolds
  5 quokkas
  11 ball pythons
  8 bats
  4 frilled lizards
  8 rats
161 creatures vanquished.

Notes
Turn   | Place    | Note
-------+----------+-------------------------------------------
     0 | D:1      | IdlyInterested the Demonspawn Fighter began the quest for
                  | the Orb.
     0 | D:1      | Reached XP level 1. HP: 18/18 MP: 1/1
     1 | D:1      | Found a runed translucent door.
    50 | D:1      | Reached skill level 2 in Maces & Flails
   305 | D:1      | Gained mutation: You are partially covered in yellow
                  | scales. (AC +2) [demonic ancestry]
   305 | D:1      | Reached XP level 2. HP: 24/24 MP: 2/2
   370 | D:1      | Found a faded altar of an unknown god.
   383 | D:1      | Got Plato's Cyclopedia of the Rocks
   562 | D:1      | Found Zeadodicw's General Store.
  1141 | D:1      | Found Qoruj's Distillery.
  1284 | D:1      | Reached XP level 3. HP: 7/29 MP: 3/3
  1302 | D:1      | Reached skill level 3 in Maces & Flails
  1631 | D:1      | Bought a potion of heal wounds for 50 gold pieces
  1799 | D:2      | Gained mutation: Spells you cast may paralyse adjacent
                  | enemies. [demonic ancestry]
  1799 | D:2      | Reached XP level 4. HP: 36/37 MP: 4/4
  1970 | D:2      | Noticed Terence
  1994 | D:2      | Killed Terence
  2081 | D:1      | Bought a scroll of teleportation for 30 gold pieces
  2283 | D:2      | Noticed Robin
  2284 | D:2      | Reached skill level 4 in Maces & Flails
  2298 | D:2      | Gained mutation: You are mostly covered in yellow scales.
                  | (AC +3) [demonic ancestry]
  2298 | D:2      | Reached XP level 5. HP: 40/42 MP: 5/5
  2304 | D:2      | Killed Robin
  2890 | D:1      | Bought a potion of curing for 39 gold pieces
  3082 | D:3      | Found Weki Asu's Book Shoppe.
  3112 | D:3      | Found Cedon's Assorted Antiques.
  3259 | D:3      | Reached skill level 1 in Throwing
  3405 | D:3      | Found Ypnic's Magic Scroll Shoppe.
  3701 | D:3      | Bought a scroll of identify for 28 gold pieces
  4005 | D:4      | Found a staircase to the Ecumenical Temple.
  4071 | Temple   | Entered the Ecumenical Temple
  4359 | D:4      | Gained mutation: Spells you cast may paralyse nearby
                  | enemies. [demonic ancestry]
  4359 | D:4      | Reached XP level 6. HP: 39/48 MP: 6/6
  4541 | D:4      | Reached skill level 5 in Maces & Flails
  5492 | D:1      | Bought a potion of mutation for 104 gold pieces
  5612 | D:5      | Entered Level 5 of the Dungeon
  5851 | D:5      | Reached skill level 1 in Evocations
  5944 | D:5      | Reached skill level 6 in Maces & Flails
  5944 | D:5      | Reached XP level 7. HP: 43/54 MP: 7/7
  5948 | D:5      | HP: 2/54 [ogre/+0 giant club (26)]
  6172 | D:5      | Identified the +1 robe "Sefesit" {Rampage rF+ Will+ Str-3}
  6234 | D:5      | Reached skill level 1 in Stealth
  6455 | D:5      | Identified the +3 ring mail of Qazlal's Favour {SInv}
  6649 | D:5      | Reached skill level 7 in Maces & Flails
  6915 | D:3      | Bought a scroll of poison for 56 gold pieces
  7134 | D:6      | Noticed Menkaure
  7148 | D:6      | Killed Menkaure
  7149 | D:6      | Reached skill level 1 in Dodging
  7149 | D:6      | Reached XP level 8. HP: 45/60 MP: 8/8
  7401 | D:6      | Found a transporter.
  7579 | D:6      | Found a sparkling altar of Nemelex Xobeh.
  7738 | D:6      | Noticed ytrimaz's ghost (novice DsBe)
  7746 | D:6      | Found a transporter.
  8125 | D:6      | Found a shadowy altar of Dithmenos.
  8256 | D:6      | Reached skill level 8 in Maces & Flails
  8449 | D:6      | Killed ytrimaz's ghost
  8450 | D:6      | Reached skill level 9 in Maces & Flails
  8576 | D:6      | Identified a ring "Bihitsat" {rN+ Dex+6 Stlth+}
  8713 | D:3      | Bought a scroll of amnesia for 56 gold pieces
  9079 | D:7      | Gained mutation: Your touch may inflict minor irresistible
                  | damage on your foes. [demonic ancestry]
  9079 | D:7      | Reached XP level 9. HP: 50/65 MP: 9/9
  9195 | D:7      | HP: 3/66 [wyvern (3)]
  9199 | D:7      | Mangled by a wyvern

Illustrated notes

Levels and vault maps discovered:
D:1:      dpeg_arrival_caged_fury, layout_basic, serial_shops, shop_fountains,
          shop, shapermc_ecumenical_altar_rom_forum, minmay_split_cup_large
D:2:      layout_basic, kennysheep_cluttered_room, chequers_jeans,
          minmay_increasing_density, uniq_robin, uniq_terence
D:3:      layout_basic, serial_shops, shop, nicolae_shop_waterfront,
          nicolae_shop_crystal, grunt_ministairs_8
D:4:      layout_cave_pods, minmay_temple_entry_glass
D:5:      layout_basic
D:6:      layout_gridville, old_standard_altar, grunt_dithmenos_shadows,
          gammafunk_ghost_stat_death, uniq_menkaure
D:7:      cheibrodos_iron_armory, layout_loops_ring,
          mainiacjoe_overflow_large_starburst, kennysheep_generic_room_2
Temple:   nicolae_temple_hex_pool

Skill      XL: |  1  2  3  4  5  6  7  8 |
---------------+-------------------------+-----
Maces & Flails | 2 3 4 6 7 9 |  9.5
Fighting       | 4 |  4.4
Throwing       | 1 2 |  2.0
Evocations     | 1 2 |  2.0
Stealth        | 2 |  2.0
Dodging        | 1 2 |  2.0
Armour         | 4 |  4.0
Shields        | |  2.6

Action                   |  1- 3 |  4- 6 |  7- 9 || total
-------------------------+-------+-------+-------++-------
Melee: Flail             |   104 |   245 |   198 ||   547
Throw: Dart              |       |     3 |     9 ||    12
       Javelin           |       |       |     1 ||     1
  Use: Potion            |     1 |     2 |     1 ||     4
       Scroll            |       |    15 |     2 ||    17
 Stab: Sleeping          |       |       |     1 ||     1
Armor: Scale mail        |    44 |    61 |       ||   105
       Chain mail        |       |     2 |       ||     2
       Plate armour      |       |    96 |    52 ||   148
       Ring mail         |       |       |   132 ||   132
Dodge: Dodged            |    37 |    74 |   148 ||   259
Block: Buckler           |    25 |    73 |    80 ||   178

Table legend: (Time is in decaauts)
 A = Elapsed time spent in this place.
 B = Non-inter-level travel time spent in this place.
 C = Inter-level travel time spent in this place.
 D = Time resting spent in this place.
 E = Time spent auto-exploring this place.
 F = Levels seen in this place.
 G = Mean time per level.
                   A        B        C        D        E       F      G
               +--------+--------+--------+--------+--------+-----+--------+
         Total |   9328 |   7220 |   2108 |   1055 |   4321 |   8 | 1166.0 |
       Dungeon |   9198 |   7094 |   2104 |   1055 |   4235 |   7 | 1314.0 |
        Temple |    130 |    126 |      4 |      0 |     86 |   1 |  130.0 |
               +--------+--------+--------+--------+--------+-----+--------+

Top non-repeatable levels by time:
     D:1: 2150 daAuts
     D:6: 1724 daAuts
     D:4: 1548 daAuts
     D:5: 1346 daAuts
     D:3: 1187 daAuts
     D:2: 1117 daAuts
  Temple: 130 daAuts
     D:7: 124 daAuts
